Map: Ruins of Seras

Players

NightEnD

  • Race: Protoss Protoss
  • League: Master

NoRegreT - Winner!

  • Race: Zerg Zerg
  • League: Grandmaster

Event: ASL Season 5 Prime League LOTV Beta

VOD

Have the link to the VOD?

Description

Time

  • Played on: Sept. 8, 2015, 9 p.m.
  • Length: 10:50

All games in this series

Show
View Real Time Build Order
Export as new Build Order

NightEnD Protoss 

Build Orders: 1 Gate Expand, Mass Adepts 

Get SALT Encoding   

  12  0:01  Probe (Chrono Boost)  
  13  0:11  Probe (Chrono Boost)  
  14  0:19  Pylon  
  14  0:21  Probe (Chrono Boost)  
  15  0:37  Probe (Chrono Boost)  
  15  0:39  Gateway  
  16  0:47  Probe (Chrono Boost)  
  17  0:57  Probe (Chrono Boost)  
  18  1:07  Probe (Chrono Boost)  
  19  1:17  Probe (Chrono Boost)  
  20  1:25  Nexus  
  20  1:29  Probe (Chrono Boost)  
  21  1:36  Assimilator  
  21  1:39  Assimilator  
  21  1:41  Probe (Chrono Boost)  
  22  1:51  Cybernetics Core  
  22  1:52  Probe (Chrono Boost)  
  23  2:03  Pylon  
  23  2:21  Probe (Chrono Boost)  
  24  2:31  Mothership Core (Chrono Boost), Warp Gate (Chrono Boost)  
  26  2:39  Adept  
  28  2:57  Gateway  
  28  2:59  Pylon  
  28  3:01  Gateway  
  28  3:06  Adept  
  28  3:12  Pylon  
  30  3:14  Pylon  
  30  3:33  Gateway  
  30  3:34  Gateway  
  30  3:36  Adept  
  32  3:43  Gateway  
  32  4:12  Pylon  
  32  4:37  Adept  
  33  4:39  Adept x5  
  43  4:58  Adept  
  43  4:59  Adept x3  
  51  5:02  Adept  
  47  5:14  Adept  
  47  5:21  Adept x2  
  51  5:27  Adept  
  49  5:35  Adept  
  41  5:37  Adept  
  43  5:45  Adept  
  43  5:48  Adept  
  47  5:54  Adept  
  49  6:01  Adept  
  51  6:09  Adept  
  51  6:10  Adept  
  55  6:17  Adept  
  45  6:21  Adept  
  45  6:31  Adept  
  45  6:32  Adept  
  47  6:51  Adept  
  47  6:52  Adept x2  
  37  7:19  Adept x4  
  37  7:22  Probe  
  42  7:42  Probe  
  37  7:48  Twilight Council  
  35  7:55  Probe  
  30  8:00  Adept x2  
  30  8:01  Adept  
  30  8:22  Pylon x2  
  30  8:24  Pylon  
  28  8:28  Adept x2  
  28  8:30  Adept  
  34  8:43  Dark Shrine  
  34  8:47  Adept  
  36  8:55  Zealot  
  38  9:00  Adept  
  32  9:03  Zealot  
  28  9:11  Adept  
  28  9:16  Adept  
  30  9:21  Adept  
  30  9:33  Zealot  
  25  9:50  Adept  
  22  9:59  Dark Templar  
Show
View Real Time Build Order
Export as new Build Order

NoRegreT Zerg - Winner!

Build Orders: 3 Hatch before Pool 

Get SALT Encoding   

  12  0:02  Drone  
  13  0:08  Drone  
  14  0:20  Drone, Extractor x2  
  13  0:21  Drone  
  13  0:27  Overlord  
  16  0:51  Hatchery  
  16  0:54  Drone  
  16  0:57  Drone  
  17  1:01  Drone  
  18  1:22  Hatchery  
  18  1:25  Drone  
  18  1:30  Drone  
  19  1:39  Extractor  
  18  1:45  Spawning Pool  
  18  1:46  Drone  
  18  1:50  Drone  
  19  1:56  Drone  
  20  2:03  Overlord  
  20  2:04  Drone  
  21  2:11  Drone  
  21  2:15  Drone  
  23  2:27  Drone x2  
  25  2:31  Queen  
  25  2:34  Queen  
  29  2:45  Metabolic Boost  
  29  2:47  Queen  
  29  2:50  Drone  
  32  2:54  Drone  
  32  2:55  Drone  
  32  2:58  Drone  
  35  2:59  Drone  
  35  3:03  Drone x2  
  35  3:05  Drone  
  39  3:07  Drone  
  39  3:10  Overlord  
  40  3:14  Zergling x2  
  40  3:15  Zergling x2  
  42  3:20  Overlord  
  42  3:24  Overlord  
  42  3:31  Zergling x4  
  42  3:33  Zergling x2  
  45  3:34  Zergling x2  
  45  3:39  Drone x2  
  45  3:40  Drone x3  
  51  3:43  Queen  
  51  3:44  Drone  
  51  3:46  Drone x2  
  51  3:47  Drone  
  57  3:51  Drone  
  57  3:52  Drone  
  59  3:57  Zergling x2  
  59  3:58  Zergling x2  
  61  4:03  Roach Warren  
  61  4:05  Zergling x6  
  61  4:06  Zergling x2  
  61  4:09  Zergling x2  
  64  4:10  Zergling x2  
  64  4:11  Zergling x2  
  64  4:15  Overlord  
  66  4:22  Overlord  
  66  4:23  Zergling x2  
  66  4:26  Overlord  
  66  4:29  Zergling x2  
  66  4:30  Zergling x2  
  66  4:31  Overlord  
  66  4:33  Queen  
  66  4:35  Zergling x8  
  66  4:36  Zergling x2  
  66  4:37  Zergling x2  
  69  4:47  Roach x4  
  75  4:58  Roach  
  69  5:02  Roach  
  69  5:06  Zergling x6  
  69  5:07  Zergling x10  
  67  5:09  Zergling x2  
  72  5:17  Zergling x6  
  71  5:23  Zergling x4  
  71  5:24  Zergling x2  
  69  5:31  Roach  
  69  5:32  Roach x2  
  68  5:38  Roach  
  68  5:41  Zergling x2  
  68  5:42  Zergling x4  
  65  5:43  Zergling x2  
  65  5:46  Zergling x6  
  65  5:47  Zergling x2  
  70  5:50  Queen, Zergling x2  
  70  5:51  Queen  
  70  5:53  Zergling x2  
  70  5:54  Zergling x4  
  80  5:57  Zergling x2  
  77  6:05  Zergling x2  
  77  6:10  Roach  
  72  6:13  Roach  
  72  6:18  Roach x2  
  71  6:24  Roach  
  71  6:25  Zergling x4  
  69  6:32  Zergling x4  
  67  6:33  Zergling x2  
  64  6:40  Extractor  
  64  6:42  Extractor  
  64  6:43  Zergling x2  
  64  6:44  Queen x2  
  67  6:51  Zergling x8  
  66  7:01  Roach x4  
  64  7:03  Zergling x2  
  64  7:11  Zergling x2  
  65  7:18  Zergling x4  
  65  7:19  Queen  
  67  7:28  Zergling x6  
  67  7:29  Zergling x2  
  71  7:35  Zergling x4  
  71  7:44  Roach  
  69  7:45  Zergling x2  
  68  7:53  Zergling x2  
  68  7:54  Zergling x4  
  68  7:56  Drone x3  
  68  7:57  Drone  
  74  8:02  Zergling x2  
  75  8:08  Zergling x2  
  69  8:14  Zergling x2  
  69  8:19  Zergling x2  
  66  8:23  Drone x3  
  68  8:32  Drone  
  69  8:34  Drone  
  69  8:36  Hatchery  
  69  8:41  Drone x3  
  71  8:46  Drone  
  64  9:07  Zergling x12  
  64  9:08  Zergling x2  
  70  9:10  Zergling x2  
  66  9:19  Zergling x2  
  66  9:23  Drone  
  66  9:29  Drone x3  
  66  9:30  Lair  
  67  9:31  Drone  
  67  9:32  Drone x2  
  70  9:42  Drone  
  70  9:43  Drone  
  72  9:46  Drone x2  
  69  10:02  Drone  
  69  10:06  Spore Crawler  
  67  10:08  Spore Crawler, Roach x7  
  67  10:09  Roach x2  
  67  10:10  Zergling x2  
  85  10:14  Roach  
  85  10:18  Spore Crawler  
  81  10:21  Roach x2  
  81  10:24  Roach x2  
  81  10:25  Zergling x2  
  81  10:28  Roach  
Tags
 
Add a new tag
Caveats
  • Supply blocks, unpowered buildings, or Contaminate may cause inaccurate times.
  • Supply counts are checked every 10 seconds.